 Dungeon Sprint DCSS version 0.27-a0-1188-g73eefd5def (webtiles) character file.

Game seed: 13184859536264740998

4500000 howech the Axe Maniac (level 27, -1/224 HPs)
             Began as an Octopode Monk on May 21, 2021.
             Was the Champion of Makhleb.
             Slain by The Servant
             ... wielding a +9 glaive of flaming
              (125 damage)
             ... in the Dungeon (Sprint VIII: "Arena of Blood").
             The game lasted 00:03:32 (45 turns).

howech the Axe Maniac (Octopode Monk)                 Turns: 45, Time: 00:03:33

Health: -1/224     AC:  1    Str: 13    XL:     27
Magic:  23/54      EV: 38    Int: 13    God:    Makhleb [******]
Gold:   0          SH:  0    Dex: 24    Spells: 80/80 levels left

rFire    . . .     SeeInvis .   h - +∞ Axe of Woe
rCold    . . .     Faith    .   (shield currently unavailable)
rNeg     . . .     Spirit   .   (helmet restricted)
rPois    .         Reflect  .   (no amulet)
rElec    .         Harm     .   i - +200 ring of slaying
rCorr    .         Rampage  .   (no ring)
Will     ++...     NoTele   +   (no ring) Stlth *+++++++++
                                (no ring)
HPRegen  0.47/turn              (no ring)
MPRegen  0.34/turn              (no ring)
                                (no ring)
                                (no ring)

@: no status effects
A: almost no armour, amphibious, 8 rings, camouflage 1, gelatinous body 1,
(nimble swimmer 1), tentacles
a: Renounce Religion, Minor Destruction, Lesser Servant of Makhleb, Major
Destruction, Greater Servant of Makhleb


You were in the Dungeon.
You worshipped Makhleb.
Makhleb was exalted by your worship.
You visited 1 branch

Inventory:

Hand Weapons
 a - a +0 hand axe
 h - the +∞ Axe of Woe (weapon)
   (You found it in the Dungeon)
Jewellery
 i - a +200 ring of slaying (left tentacle)
Scrolls
 g - a scroll of blinking
Potions
 b - a potion of curing
 c - a potion of heal wounds
 d - a potion of haste
 e - 2 potions of magic
 f - a potion of berserk rage


   Skills:
 O Level 27 Fighting
 O Level 27 Short Blades
 O Level 27 Long Blades
 O Level 27 Axes
 O Level 27 Maces & Flails
 O Level 27 Polearms
 O Level 27 Staves
 O Level 27 Slings
 O Level 27 Bows
 + Level 26.9 Crossbows
 + Level 26.9(27) Throwing
 O Level 27 Dodging
 O Level 27 Stealth
 O Level 27 Shields
 O Level 27 Unarmed Combat
 O Level 27 Spellcasting
 O Level 27 Invocations
 O Level 27 Evocations


You had 80 spell levels left.
You didn't know any spells.
Your spell library was empty.

Dungeon Overview and Level Annotations

Branches:
Dungeon (1/1)

Altars:
Makhleb

Annotations:
D The Servant


Innate Abilities, Weirdness & Mutations

You cannot wear most types of armour.
You are amphibious.
You can wear up to eight rings at the same time.
Your skin changes colour to match your surroundings (Stealth+).
Your rubbery body absorbs attacks. (AC +1, EV +1)
((You are camouflaged near water. (Stealth+)))
You have tentacles for arms and can constrict up to eight enemies at once.


Message History

You fatally mangle the sculptor of flesh.
You destroy the sculptor of flesh!
Makhleb accepts your kill.
The large bag of meat explodes!
The fiery explosion engulfs you!!
The large bag of meat explodes!
The fiery explosion engulfs you!!!
The fiery explosion engulfs the bag of meat!!!
The tyrant appears out of thin air!
A tyrant comes into view.
You are engulfed in blazing flames.
The tyrant shouts!
You hear a shout! x7; You hear two shouts!
You hear a shout!
You hear two shouts!
You hear a shout! x3
The bag of meat is engulfed in blazing flames.
You hear a shout! x3
A bag of meat comes into view. It is wielding a +9 war axe.
You have mastered Short Blades!
You have mastered Long Blades!
You have mastered Slings!
You have mastered Bows!
Your Crossbows skill gained 3 levels and is now at level 26!
Your base Throwing skill gained 3 levels and is now at level 26!
Unknown command.
Unknown command.
Unknown command.
Unknown command.
Unknown command.
Press: ? - help, v - describe, . - travel, g - get item
Here: a bag of meat, wielding a +9 war axe and wearing a +30 ring of slaying (flame, lightly wounded)
Items here: ))))) ===== †††.
The floor, spattered with blood.
An orc and a vampire knight come into view.
The destroyer is wielding a +9 vorpal great sword.
You are engulfed in blazing flames.
The bag of meat shouts!
A meat berserker comes into view. It is wielding a +9 battleaxe.
The destroyer blinks!
You hear a shout!
A meat berserker comes into view. It is wielding a +9 battleaxe.
The Servant hits you from afar with a +9 glaive of flaming!!!!
Ouch! That really hurt!
You die...

..###.......###..o.....
......###.....o.......
......_......§o......
.#...))#)○§)...#.#.
#_.<._#§)§o§.....O
#....)#○§))VV#.#.#
#.......)_.....)O§......
........###...@§§o..#.#O
...###.......###@○o.....
.. #.......#.§§§..o...
#.......#.....o....
.....@.......LVo...
.............#.o.#..
.......#....#.. o....##
....# V...# ...#.


You could see a tyrant, The Servant, 4 destroyers, 3 meat berserkers and 10 bags
of meat.

Vanquished Creatures
  7 vampire knights (D)
  15 ogres (D)
  4 two-headed ogres (D)
  18 orcs (D)
  2 skeletal warriors (D)
46 creatures vanquished.

Notes
Turn   | Place    | Note
-------+----------+-------------------------------------------
     0 | D        | Found the +∞ Axe of Woe
     0 | D        | howech the Octopode Monk began the quest for the Orb.
     0 | D        | Reached XP level 1. HP: 16/16 MP: 1/1
     1 | D        | Noticed a bag of meat
     3 | D        | Became a worshipper of Makhleb the Destroyer
     3 | D        | Reached * piety under Makhleb
     3 | D        | Reached ** piety under Makhleb
     4 | D        | Noticed a bag of meat
     4 | D        | Noticed a bag of meat
     4 | D        | Noticed a bag of meat
     5 | D        | Noticed a bag of meat
     6 | D        | Noticed a bag of meat
     7 | D        | Killed a bag of meat
     7 | D        | Noticed a meat berserker
     8 | D        | Reached XP level 2. HP: 41/41 MP: 2/2
     8 | D        | Reached XP level 3. HP: 46/46 MP: 3/3
     8 | D        | Reached XP level 4. HP: 53/53 MP: 4/4
     8 | D        | Reached XP level 5. HP: 58/58 MP: 5/5
     8 | D        | Reached XP level 6. HP: 64/64 MP: 6/6
     8 | D        | Reached XP level 7. HP: 71/71 MP: 7/7
     8 | D        | Reached XP level 8. HP: 77/77 MP: 8/8
     8 | D        | Reached XP level 9. HP: 82/82 MP: 9/9
     8 | D        | Reached XP level 10. HP: 89/89 MP: 10/10
     8 | D        | Reached XP level 11. HP: 94/94 MP: 11/11
     8 | D        | Reached XP level 12. HP: 100/100 MP: 12/12
     9 | D        | Noticed a meat berserker
    10 | D        | Killed a bag of meat
    10 | D        | Killed a meat berserker
    10 | D        | Reached *** piety under Makhleb
    10 | D        | Noticed a bag of meat
    11 | D        | Reached XP level 13. HP: 107/107 MP: 13/13
    11 | D        | Reached XP level 14. HP: 113/113 MP: 14/14
    11 | D        | Killed a meat berserker
    12 | D        | Reached skill level 27 in Axes
    12 | D        | Reached XP level 15. HP: 118/118 MP: 15/15
    16 | D        | Noticed a meat berserker
    17 | D        | Reached skill level 27 in Dodging
    17 | D        | Reached skill level 15 in Stealth
    17 | D        | Reached XP level 16. HP: 125/125 MP: 16/16
    17 | D        | Noticed a destroyer
    19 | D        | Reached **** piety under Makhleb
    20 | D        | Reached skill level 27 in Stealth
    20 | D        | Killed a meat berserker
    20 | D        | Noticed a meat berserker
    20 | D        | Noticed a meat berserker
    21 | D        | Reached XP level 17. HP: 155/155 MP: 17/17
    21 | D        | Noticed a meat berserker
    22 | D        | Reached skill level 27 in Fighting
    22 | D        | Reached XP level 18. HP: 163/163 MP: 18/18
    22 | D        | Reached ***** piety under Makhleb
    22 | D        | Killed a destroyer
    23 | D        | Reached XP level 19. HP: 170/170 MP: 18/40
    23 | D        | Noticed a meat berserker
    23 | D        | Noticed a destroyer
    25 | D        | Noticed a meat berserker
    25 | D        | Noticed a large bag of meat
    26 | D        | Killed a meat berserker
    27 | D        | Reached XP level 20. HP: 177/177 MP: 18/45
    27 | D        | Killed a meat berserker
    27 | D        | Noticed a meat berserker
    28 | D        | Killed a meat berserker
    28 | D        | Noticed a destroyer
    28 | D        | Noticed a meat berserker
    29 | D        | Reached skill level 27 in Unarmed Combat
    29 | D        | Reached skill level 27 in Spellcasting
    29 | D        | Reached skill level 27 in Invocations
    29 | D        | Reached XP level 21. HP: 183/183 MP: 19/52
    29 | D        | Reached ****** piety under Makhleb
    29 | D        | Noticed a large bag of meat
    29 | D        | Noticed a meat berserker
    30 | D        | Killed a meat berserker
    31 | D        | Killed a meat berserker
    31 | D        | Noticed a meat berserker
    31 | D        | Noticed a destroyer
    32 | D        | Reached XP level 22. HP: 190/190 MP: 19/53
    32 | D        | Killed a destroyer
    32 | D        | Noticed a destroyer
    32 | D        | Noticed a destroyer
    33 | D        | Reached skill level 27 in Maces & Flails
    33 | D        | Reached skill level 27 in Polearms
    33 | D        | Reached skill level 5 in Staves
    34 | D        | Killed a large bag of meat
    34 | D        | Noticed a destroyer
    34 | D        | Noticed The Servant
    35 | D        | Reached XP level 23. HP: 165/197 MP: 20/54
    35 | D        | Noticed a large bag of meat
    35 | D        | Noticed a destroyer
    36 | D        | Killed a destroyer
    37 | D        | Reached skill level 27 in Staves
    37 | D        | Reached XP level 24. HP: 186/204 MP: 21/54
    37 | D        | Killed a destroyer
    37 | D        | Noticed a large bag of meat
    38 | D        | Reached skill level 27 in Evocations
    38 | D        | Killed a destroyer
    39 | D        | Reached skill level 27 in Shields
    39 | D        | Reached XP level 25. HP: 210/210 MP: 21/54
    39 | D        | Noticed a destroyer
    39 | D        | Noticed a destroyer
    40 | D        | Killed a large bag of meat
    40 | D        | Killed a destroyer
    41 | D        | Reached XP level 26. HP: 170/217 MP: 22/54
    43 | D        | Killed a destroyer
    44 | D        | Reached XP level 27. HP: 224/224 MP: 22/54
    44 | D        | Killed a large bag of meat
    44 | D        | Killed a large bag of meat
    44 | D        | Noticed a tyrant
    45 | D        | Reached skill level 27 in Short Blades
    45 | D        | Reached skill level 27 in Long Blades
    45 | D        | Reached skill level 27 in Slings
    45 | D        | Reached skill level 27 in Bows
    45 | D        | Noticed a destroyer
    45 | D        | Slain by The Servant

Illustrated notes

Levels and vault maps discovered:
D:        meatsprint

Skill      XL: |  1  2  3  4  5  6  7  8  9 10 11 12 13 14 15 16 17 18 19 20 21 22 23 24 25 26 27 |
---------------+----------------------------------------------------------------------------------+-----
Fighting       | 16 26 27 | 27.0
Axes           | 16 25 27 | 27.0
Dodging        | 16 21 25 27 | 27.0
Stealth        | 9 15 27 | 27.0
Unarmed Combat | 19 23 27 | 27.0
Spellcasting   | 17 21 27 | 27.0
Invocations    | 20 24 27 | 27.0
Maces & Flails | 8 23 27 | 27.0
Polearms       | 8 23 27 | 27.0
Staves         | 25 27 | 27.0
Shields        | 19 27 | 27.0
Evocations     | 21 27 | 27.0
Short Blades   | 14 20 23 27 | 27.0
Long Blades    | 14 20 23 27 | 27.0
Slings         | 14 20 23 27 | 27.0
Bows           | 14 20 23 27 | 27.0
Crossbows      | 14 20 23 26 | 26.9
Throwing       | 14 20 23 26 | 26.9

Action                   |  1- 3 |  4- 6 |  7- 9 | 10-12 | 13-15 | 16-18 | 19-21 | 22-24 | 25-27 || total
-------------------------+-------+-------+-------+-------+-------+-------+-------+-------+-------++-------
Melee: Executioner's axe |     1 |       |       |     1 |     2 |     5 |     8 |     5 |     5 ||    27
Dodge: Dodged            |       |       |       |       |       |       |       |       |     1 ||     1

Table legend: (Time is in decaauts)
 A = Elapsed time spent in this place.
 B = Non-inter-level travel time spent in this place.
 C = Inter-level travel time spent in this place.
 D = Time resting spent in this place.
 E = Time spent auto-exploring this place.
 F = Levels seen in this place.
 G = Mean time per level.
                   A        B        C        D        E       F      G
               +--------+--------+--------+--------+--------+-----+--------+
         Total |     37 |     37 |      0 |      0 |      0 |   1 |   37.0 |
       Dungeon |     37 |     37 |      0 |      0 |      0 |   1 |   37.0 |
               +--------+--------+--------+--------+--------+-----+--------+

Top non-repeatable levels by time:
       D: 37 daAuts
